 Dungeon Crawl Stone Soup version 0.26-a0-812-g31a745d (webtiles) character file.

Game seed: 13592211836750351976

1252 ChampionAI the Chopper (level 8, -1/72 HPs)
             Began as a Deep Dwarf Fighter on Nov 13, 2020.
             Was a Follower of Makhleb.
             Killed from afar by a white imp (8 damage)
             ... with a puff of frost
             ... summoned by Eustachio
             ... on level 6 of the Dungeon.
             The game lasted 00:12:36 (4560 turns).

ChampionAI the Chopper (Deep Dwarf Fighter)         Turns: 4560, Time: 00:12:36

Health: -1/72      AC: 13    Str: 23      XL:     8   Next: 26%
Magic:  7/7        EV:  6    Int:  8      God:    Makhleb [*.....]
Gold:   296        SH: 10    Dex:  9 (12) Spells: 7/7 levels left

rFire    . . .     SeeInvis .   a - +0 war axe
rCold    . . .     Faith    .   c - +0 kite shield
rNeg     . . .     Spirit   .   v - +0 chain mail
rPois    .         Reflect  .   (no helmet)
rElec    .         Harm     .   (no cloak)
rCorr    .         Rampage  .   (no gloves)
MR       +....                  (no boots)
Stlth    ..........             (no amulet)
HPRegen  0.00/turn              w - +4 ring of protection
MPRegen  0.10/turn              (no ring)

@: non-regenerating, drained
A: damage resistance, heal wounds, sense surroundings 1, no regeneration
a: Heal Wounds, Renounce Religion


You were on level 6 of the Dungeon.
You worshipped Makhleb.
Makhleb was aware of your devotion.
You visited 1 branch of the dungeon, and saw 6 of its levels.

You collected 296 gold pieces.

Inventory:

Hand Weapons
 a - a +0 war axe (weapon)
Missiles
 h - 16 boomerangs
 n - 11 poisoned darts (quivered)
Armour
 b - a +0 scale mail
 c - a +0 kite shield (worn)
 v - a +0 chain mail (worn)
Jewellery
 w - a +4 ring of protection (left hand)
Wands
 y - a wand of digging (6)
Scrolls
 f - 2 scrolls of immolation {unknown}
 g - a scroll of blinking {unknown}
 j - 5 scrolls of remove curse
 l - 2 scrolls of teleportation {unknown}
 o - 5 scrolls of magic mapping {unknown}
 p - a scroll of fog {unknown}
 q - 5 scrolls of identify {unknown}
 r - a scroll of noise {unknown}
 s - 2 scrolls of amnesia {unknown}
 t - a scroll of enchant armour {unknown}
 x - a scroll of fear {unknown}
Potions
 d - 3 potions of might
 e - 2 potions of invisibility {unknown}
 i - 2 potions of ambrosia {unknown}
 k - 3 potions of curing {unknown}
 m - 2 potions of cancellation {unknown}
 u - a potion of resistance {unknown}
 z - a potion of berserk rage {unknown}
 A - 2 potions of attraction {unknown}
 B - a potion of heal wounds {unknown}


   Skills:
 + Level 4.2(3.4) Fighting
 + Level 7.0(6.2) Axes
 + Level 1.1(0.4) Throwing
 + Level 5.3(4.5) Armour
 + Level 2.5(1.8) Dodging
 + Level 5.4(4.6) Shields
 * Level 3.5(2.7) Evocations


You had 7 spell levels left.
You didn't know any spells.
Your spell library contained the following spells:

 Spells                   Type           Power        Failure   Level
 Magic Dart               Conj           #...         100%        1
 Blink                    Tloc           N/A          100%        2
 Call Imp                 Summ           #.......     100%        2
 Slow                     Hex            #.......     100%        2
 Conjure Flame            Conj/Fire      #.......     100%        3
 Mephitic Cloud           Conj/Pois/Air  #.......     100%        3


Dungeon Overview and Level Annotations

Branches:
Dungeon (6/15)             Temple (0/1) D:5

Altars:
Kikubaaqudgha
Makhleb
Wu Jian

Annotations:
D:6 Eustachio


Innate Abilities, Weirdness & Mutations

You are resistant to damage.
You can heal yourself by infusing magical energy.
You passively map a small area around you.
You do not regenerate.


Message History

The white imp hits you but does no damage.
You block the iron imp's attack.
The quokka bites you but does no damage.
You closely miss the quokka. You hit the iron imp.
You closely miss the white imp. You hit the bat.
You kill the bat!
The bat's corpse disappears in a puff of smoke!
The white imp gestures at you. You block the puff of frost.
The quokka bites you but does no damage.
The iron imp hits you.
* * * LOW HITPOINT WARNING * * *
You slash the quokka!
You kill the quokka!
The quokka's corpse disappears in a puff of smoke!
You slash the iron imp! You barely miss the white imp. You hit the river rat.
You block the river rat's attack. The white imp gestures at you.
The puff of frost hits you!
You die...

, * , * ,,, .....** ...#
. * ,..... ...#.# * ,
..5.[. ...#.# * ,.....@
#.....#* *
......###..B... *
.......§....###. , *
,.....≈r#..#.....
......r@5..># * * ** , .
.>....5...### ## ,,
*#...####..# #. ##.**
#...#### *##. ##..*
#......########... ,
.........###...........#.
, ......####
#####....###.. .....
#########.#...... , ,
...... ##.....##.........


You could see Eustachio, an iron imp (summoned), a crimson imp (summoned), a
river rat (summoned), a white imp (summoned), a giant cockroach and a rat
(summoned).

Vanquished Creatures
  A sky beast (D:6)
  An orc warrior (D:6)
  5 wights (D:6)
  5 hounds
  A jelly (D:5)
  5 orc wizards
  5 orc priests
  2 bullfrog skeletons (D:4)
  Ijyb (D:5)
  5 worker ants
  3 gnolls (D:4)
  3 adders
  A white imp (D:5)
  3 adder skeletons
  4 worms
  2 dart slugs
  8 leopard geckos
  16 orcs
  2 bats
  5 giant cockroaches
  10 goblins
  4 hobgoblins
  3 quokkas
  2 ball pythons (D:3)
  3 frilled lizards
  7 kobolds
  5 rats
112 creatures vanquished.

Notes
Turn   | Place    | Note
-------+----------+-------------------------------------------
     0 | D:1      | ChampionAI the Deep Dwarf Fighter began the quest for the
                  | Orb.
     0 | D:1      | Reached XP level 1. HP: 20/20 MP: 1/1
   240 | D:1      | Reached XP level 2. HP: 16/27 MP: 2/2
  1216 | D:2      | Reached XP level 3. HP: 12/34 MP: 3/3
  1663 | D:3      | Reached skill level 3 in Axes
  1876 | D:3      | Reached skill level 1 in Throwing
  1876 | D:3      | Reached XP level 4. HP: 7/42 MP: 3/3
  1912 | D:3      | Reached skill level 1 in Dodging
  1920 | D:3      | HP: 2/42 [orc priest/+0 club (2)]
  1927 | D:3      | Reached XP level 5. HP: 8/49 MP: 4/4
  1929 | D:3      | Reached skill level 4 in Axes
  2759 | D:4      | Reached XP level 6. HP: 24/56 MP: 5/5
  2810 | D:4      | Found an ancient bone altar of Kikubaaqudgha.
  2931 | D:4      | Reached skill level 5 in Axes
  3092 | D:4      | Found a burning altar of Makhleb.
  3103 | D:4      | Reached XP level 7. HP: 25/63 MP: 6/6
  3113 | D:4      | Became a worshipper of Makhleb the Destroyer
  3331 | D:5      | Entered Level 5 of the Dungeon
  3378 | D:5      | Reached skill level 1 in Evocations
  3520 | D:5      | Found a staircase to the Ecumenical Temple.
  3527 | D:5      | Noticed Ijyb
  3599 | D:5      | Killed Ijyb
  3599 | D:5      | Reached skill level 5 in Shields
  3815 | D:5      | Reached skill level 6 in Axes
  4450 | D:6      | Reached skill level 5 in Armour
  4478 | D:6      | Found an ornate altar of the Wu Jian Council.
  4482 | D:6      | Reached * piety under Makhleb
  4490 | D:6      | Reached XP level 8. HP: 42/72 MP: 7/7
  4517 | D:6      | Noticed Eustachio
  4557 | D:6      | Reached skill level 7 in Axes
  4560 | D:6      | Killed from afar by a white imp

Illustrated notes

Levels and vault maps discovered:
D:1:      dpeg_arrival_ternary, layout_basic
D:2:      layout_basic
D:3:      layout_basic, serial_park_tiny_1
D:4:      layout_rooms, lemuel_round_altar, makhleb_blood_cavern_becter
D:5:      layout_basic, temple_green, uniq_ijyb
D:6:      layout_rooms, old_standard_altar, uniq_eustachio, uniq_sigmund

Skill      XL: |  1  2  3  4  5  6  7  8 |
---------------+-------------------------+-----
Fighting       | 3 4 |  4.2
Axes           | 3 4 5 6 7 |  7.0
Throwing       | 1 |  1.1
Dodging        | 1 2 |  2.5
Armour         | 4 5 |  5.3
Shields        | 4 5 |  5.4
Evocations     | 2 3 |  3.5

Action                   |  1- 3 |  4- 6 |  7- 9 || total
-------------------------+-------+-------+-------++-------
Melee: War axe           |   121 |   183 |   127 ||   431
       Unarmed           |       |       |     9 ||     9
Throw: Dart              |    70 |     2 |       ||    72
       Boomerang         |    11 |     4 |       ||    15
 Abil: Heal Wounds       |     1 |     7 |     8 ||    16
  Use: Scroll            |       |       |     1 ||     1
Armor: Scale mail        |    54 |    64 |       ||   118
       Chain mail        |       |    83 |   129 ||   212
Dodge: Dodged            |    27 |    65 |    71 ||   163
Block: Kite shield       |    55 |   132 |    92 ||   279

Table legend: (Time is in decaauts)
 A = Elapsed time spent in this place.
 B = Non-inter-level travel time spent in this place.
 C = Inter-level travel time spent in this place.
 D = Time resting spent in this place.
 E = Time spent auto-exploring this place.
 F = Levels seen in this place.
 G = Mean time per level.
                   A        B        C        D        E       F      G
               +--------+--------+--------+--------+--------+-----+--------+
         Total |   4711 |   4567 |    144 |    242 |   3094 |   6 |  785.2 |
       Dungeon |   4711 |   4567 |    144 |    242 |   3094 |   6 |  785.2 |
               +--------+--------+--------+--------+--------+-----+--------+

Top non-repeatable levels by time:
     D:3: 1263 daAuts
     D:5: 1106 daAuts
     D:1: 877 daAuts
     D:2: 688 daAuts
     D:4: 637 daAuts
     D:6: 138 daAuts
